 Dungeon Sprint DCSS version 0.17-a0-1582-ge6b0260 (webtiles) character file.

15530 Jb9000 the Unseen (level 12, -3/80 HPs)
             Began as a Gargoyle Fighter on July 27, 2015.
             Was the Champion of Qazlal.
             Slain by an alligator snapping turtle (38 damage)
             ... in the Dungeon (Sprint VII: "The Pits").
             The game lasted 00:25:36 (2016 turns).

Jb9000 the Unseen (Gargoyle Fighter)                Turns: 2016, Time: 00:25:36

Health: -3/80      AC: 19    Str: 23    XL:     12   Next: 28%
Magic:  15/25      EV: 18    Int: 12    God:    Qazlal [******]
Gold:   36         SH: 20    Dex: 11    Spells: 0 memorised, 29 levels left

rFire  . . .     SeeInvis .     C - +8 autumn katana {slice, Clar}
rCold  . . .     Clarity  +     a - +0 steam dragon armour
rNeg   + . .     SustAt   .     c - +0 shield
rPois  ∞         Gourm    .     (no helmet)
rElec  +         Spirit   .     (no cloak)
rCorr  .         Warding  .     (no gloves)
rMut   .         NoTele   +     (no boots)
MR     .....                    (no amulet)
Stlth  +.........               d - +3 ring of strength
                                b - +3 ring of evasion

@: frozen, protected from physical damage, glowing, repel missiles, very slow,
not resistant to hostile enchantments, very unstealthy
A: negative energy resistance 1, electricity resistance, unbreathing,
petrification resistance, rot immunity, AC +8
a: Upheaval, Elemental Force, Disaster Area, Renounce Religion


You were in the Dungeon.
You worshipped Qazlal.
Qazlal was exalted by your worship.
You were full.

You visited 1 branch You collected 36 gold pieces.

Inventory:

Hand weapons
 t - a +2 mace of distortion
 v - a +2 flail of protection
 w - a +0 long sword of holy wrath
 x - a +4 quarterstaff of speed
 y - a +1 hand axe of chopping
 C - the +8 autumn katana (weapon) {slice, Clar}
   (You found it in the Dungeon)

   It inflicts extra damage upon your enemies.
   It protects you against confusion.
 D - a +0 arbalest
 E - a +0 long sword of electrocution
Missiles
 z - 7 arrows
 F - 15 bolts
 O - 11 tomahawks (quivered)
 P - 2 throwing nets
Armour
 a - a +0 steam dragon armour (worn)
 c - a +0 shield (worn)
 g - a +5 ring mail
 l - a +3 plate armour
 G - the +0 ring mail of Card Tricks {*Confuse +Fly rF+ Int+3}
   (You found it in the Dungeon)

   It affects your intelligence (+3).
   It protects you from fire.
   It lets you fly.
   It may confuse you when you take damage.
Magical staves
 p - an uncursed staff of energy
Jewellery
 b - a +3 ring of evasion (left hand)
 d - a +3 ring of strength (right hand)
 H - an uncursed ring of ice
 J - an uncursed ring of see invisible
Scrolls
 k - 3 scrolls of blinking
 q - 4 scrolls of remove curse
 r - 5 scrolls of amnesia
 s - a scroll of summoning
 K - a scroll of enchant armour
 L - 2 scrolls of recharging
 M - 4 scrolls of enchant weapon
 N - a scroll of fear
Potions
 f - 11 potions of curing
 h - 4 potions of might
 i - 3 potions of magic
 j - 4 potions of berserk rage
 o - a potion of invisibility
 u - 4 potions of heal wounds
 A - 3 potions of resistance
 B - 2 potions of brilliance
Books
 I - a Necronomicon

   Spells                             Type                      Level
   a - Haunt                          Necromancy/Summoning         7
   b - Borgnjor's Revivification      Necromancy                   8
   c - Death's Door                   Charms/Necromancy            8
   d - Necromutation                  Transmutation/Necromancy     8
Comestibles
 e - 9 bread rations
 m - 35 fruits
 n - 6 meat rations


   Skills:
 + Level 11.2 Fighting
 * Level 9.6 Long Blades
 - Level 4.7(5.4) Axes
 - Level 4.2(5.4) Maces & Flails
 + Level 1.2 Throwing
 + Level 11.2 Armour
 + Level 8.4 Dodging
 + Level 15.7 Stealth
 * Level 11.6 Shields
 + Level 9.2 Spellcasting
 + Level 9.4 Invocations
 + Level 7.8 Evocations


You had 29 spell levels left.
You didn't know any spells.

Dungeon Overview and Level Annotations

Branches:
Dungeon (1/1)

Altars:
Ashenzari
Cheibriados
Dithmenos
Elyvilon
Fedhas
Gozag
Kikubaaqudgha
Makhleb
Nemelex Xobeh
Okawaru
Qazlal
Ru
Sif Muna
Trog
Vehumet
Xom
Yredelemnul
Zin
The Shining One
Beogh
Jiyva
Lugonu


Innate Abilities, Weirdness & Mutations

You are resistant to torment.
Your stone body is resilient (AC +8).
You are immune to poison.
You resist negative energy.
You are resistant to electric shocks.
You can survive without breathing.
You are immune to petrification.
You are immune to rotting.


Message History

Use which ability? (? or * to list)
Aiming: Upheaval
Press: ? - help, Dir - move target cursor That beam is likely to hit you.
Continue anyway?
A blizzard blasts the area with ice!
The blast of ice hits something.
Qazlal accepts your kill.
Reactivating autopickup.
You feel a bit more experienced. The blast of ice hits you!
You are encased in ice.
The wolf completely misses you. You block the wolf's attack.
You block the alligator snapping turtle's attack.
Unknown command.
Drink which item? (? for menu, Esc to quit)
You feel better.
You hear a chilling moan.
The wolf bites you.
You feel more protected from physical attacks.
The alligator snapping turtle bites you from afar!!!
You die...

######################
#......§§............+
#...§§.§.............+
#..###@############..# #..##D#h#
#§.# #..#.# #t# #..# #.§## #A#
#..# #..# #y# #..# #..# #l# #..#
#..################..#
###########....§§..............#
_________##...§................#


You could see an alligator snapping turtle, a daeva, a hornet, a wyvern, a
mottled dragon and a wolf.

Vanquished Creatures
  A merfolk impaler (D)
  Josephine (D)
  Erolcha (D)
  A hell beast (D)
  A death yak (D)
  3 skeletal warriors (D)
  A lindwurm (D)
  2 orc knights (D)
  A swamp dragon (D)
  A deep troll (D)
  A manticore (D)
  A griffon (D)
  An orange demon (D)
  A smoke demon (D)
  A komodo dragon (D)
  A demonic crawler (D)
  A jumping spider (D)
  A deep elf priest (D)
  4 merfolk (D)
  A redback (D)
  A vampire (D)
  3 wraiths (D)
  A spriggan (D)
  2 deep elf magi (D)
  A steam dragon (D)
  A hungry ghost (D)
  3 deep elf fighters (D)
  A warg (D)
  7 wolves (D)
  A porcupine (D)
  Duvessa (D)
  3 orc warriors (D)
  A phantom (D)
  An eye of draining (D)
  An ogre (D)
  A centaur (D)
  2 giant frogs (D)
  A brain worm (D)
  Dowan (D)
  2 scorpions (D)
  A hound (D)
  An orc priest (D)
  5 orc wizards (D)
  A hell rat (D)
  A worker ant (D)
  6 sheep (D)
  An adder (D)
  A river rat (D)
  A white imp (D)
  A giant eyeball (D)
  An ufetubus (D)
  An adder zombie (D)
  A worm (D)
  4 orcs (D)
  A giant cockroach (D)
  A hobgoblin (D)
  A ball python (D)
  A ball python zombie (D)
  2 giant newts (D)
  3 quokkas (D)
96 creatures vanquished.

Vanquished Creatures (collateral kills)
  A skeletal warrior (D)
  A guardian mummy (D)
  A trapdoor spider (D)
  A wolf (D)
  A small abomination (D)
  An orc wizard (D)
  Jessica (D)
  2 sheep (D)
  An orc (D)
10 creatures vanquished.

Grand Total: 106 creatures vanquished

Notes
Turn   | Place    | Note
--------------------------------------------------------------
     0 | D        | Jb9000 the Gargoyle Fighter began the quest for the Orb.
     0 | D        | Reached XP level 1. HP: 14/14 MP: 1/1
    73 | D        | Found a sacrificial altar of Ru.
    73 | D        | Found a shadowy altar of Dithmenos.
    73 | D        | Found a bloodstained altar of Trog.
    73 | D        | Found a deep blue altar of Sif Muna.
    73 | D        | Found a shimmering altar of Xom.
    73 | D        | Found a sparkling altar of Nemelex Xobeh.
    73 | D        | Found a corrupted altar of Lugonu.
    73 | D        | Found a viscous altar of Jiyva.
    74 | D        | Found a basalt altar of Yredelemnul.
    74 | D        | Found a glowing golden altar of the Shining One.
    74 | D        | Found a shattered altar of Ashenzari.
    74 | D        | Found a white marble altar of Elyvilon.
    74 | D        | Found a snail-covered altar of Cheibriados.
    74 | D        | Found a blossoming altar of Fedhas.
    74 | D        | Found a radiant altar of Vehumet.
    74 | D        | Found a burning altar of Makhleb.
    74 | D        | Found an ancient bone altar of Kikubaaqudgha.
    74 | D        | Found a glowing silver altar of Zin.
    74 | D        | Found a roughly hewn altar of Beogh.
    74 | D        | Found an iron altar of Okawaru.
    97 | D        | Found a stormy altar of Qazlal.
    97 | D        | Found an opulent altar of Gozag.
   106 | D        | Became a worshipper of Qazlal Stormbringer
   125 | D        | Reached XP level 2. HP: 19/19 MP: 1/3
   131 | D        | Noticed a worker ant
   131 | D        | Acquired Qazlal's first power
   132 | D        | Killed a worker ant
   132 | D        | Reached skill level 4 in Fighting
   132 | D        | Reached skill level 1 in Dodging
   132 | D        | Reached skill level 1 in Spellcasting
   132 | D        | Reached XP level 3. HP: 22/24 MP: 1/5
   160 | D        | Noticed Duvessa
   160 | D        | Noticed Dowan
   161 | D        | Paralysed by a giant eyeball for 2 turns
   166 | D        | Paralysed by a giant eyeball for 4 turns
   174 | D        | Killed Duvessa
   174 | D        | Acquired Qazlal's second power
   174 | D        | Reached skill level 5 in Fighting
   174 | D        | Reached skill level 5 in Armour
   174 | D        | Reached skill level 5 in Stealth
   174 | D        | Reached skill level 5 in Shields
   174 | D        | Reached XP level 4. HP: 9/31 MP: 5/8
   174 | D        | Reached XP level 5. HP: 10/35 MP: 5/9
   175 | D        | Paralysed by a giant eyeball for 3 turns
   187 | D        | Killed Dowan
   187 | D        | Reached skill level 6 in Stealth
   297 | D        | Noticed a scorpion
   298 | D        | Noticed a scorpion
   302 | D        | Noticed a giant frog
   319 | D        | Killed a scorpion
   319 | D        | Acquired Qazlal's third power
   319 | D        | Reached skill level 7 in Stealth
   319 | D        | Reached XP level 6. HP: 33/41 MP: 9/11
   323 | D        | Killed a giant frog
   334 | D        | Acquired Qazlal's fourth power
   348 | D        | Killed a scorpion
   348 | D        | Reached skill level 8 in Stealth
   369 | D        | Noticed a phantom
   417 | D        | Killed a phantom
   417 | D        | Reached skill level 1 in Maces & Flails
   417 | D        | Reached skill level 1 in Invocations
   417 | D        | Reached skill level 1 in Evocations
   417 | D        | Reached XP level 7. HP: 45/47 MP: 13/13
   421 | D        | Noticed a spriggan
   438 | D        | Killed a spriggan
   438 | D        | Reached skill level 9 in Stealth
   445 | D        | Noticed a giant frog
   445 | D        | Noticed a porcupine
   445 | D        | Noticed an orc wizard
   445 | D        | Noticed an orc wizard
   452 | D        | Killed an orc wizard
   472 | D        | Killed an orc wizard
   479 | D        | Killed a porcupine
   479 | D        | Acquired Qazlal's fifth power
   479 | D        | Reached skill level 5 in Spellcasting
   483 | D        | Killed a giant frog
   483 | D        | Reached XP level 8. HP: 24/53 MP: 15/15
   660 | D        | Noticed a hungry ghost
   660 | D        | Noticed an orange demon
   660 | D        | Noticed a deep troll
   667 | D        | Killed a deep troll
   667 | D        | Reached skill level 5 in Dodging
   667 | D        | Reached skill level 10 in Stealth
   671 | D        | Killed a hungry ghost
   672 | D        | Killed an orange demon
   672 | D        | Reached skill level 11 in Stealth
   672 | D        | Reached XP level 9. HP: 30/59 MP: 17/17
   964 | D        | Noticed a hound
   964 | D        | Noticed an orc knight
   964 | D        | Noticed an orc warrior
   964 | D        | Noticed a warg
   965 | D        | Noticed an ogre
   968 | D        | Killed a hound
   972 | D        | Killed an ogre
   976 | D        | Killed a warg
   976 | D        | Reached skill level 1 in Long Blades
   986 | D        | Killed an orc knight
   986 | D        | Reached skill level 5 in Invocations
   997 | D        | Killed an orc warrior
  1011 | D        | Noticed Josephine
  1012 | D        | Noticed a wraith
  1012 | D        | Noticed a wraith
  1012 | D        | Noticed a wraith
  1015 | D        | Noticed a death yak
  1018 | D        | Killed Josephine
  1018 | D        | Reached skill level 12 in Stealth
  1020 | D        | Killed a wraith
  1020 | D        | Reached skill level 5 in Evocations
  1020 | D        | Reached XP level 10. HP: 43/65 MP: 13/20
  1023 | D        | Killed a wraith
  1026 | D        | Killed a wraith
  1034 | D        | Killed a death yak
  1034 | D        | Reached skill level 5 in Long Blades
  1040 | D        | Noticed a hell rat
  1053 | D        | Killed a hell rat
  1202 | D        | Noticed a deep elf mage
  1202 | D        | Noticed a deep elf mage
  1202 | D        | Noticed an orc wizard
  1202 | D        | Noticed a deep elf fighter
  1202 | D        | Noticed an orc wizard
  1202 | D        | Noticed a deep elf fighter
  1203 | D        | Noticed a deep elf priest
  1204 | D        | Killed an orc wizard
  1204 | D        | Killed an orc wizard
  1204 | D        | Killed a deep elf fighter
  1204 | D        | Reached skill level 13 in Stealth
  1204 | D        | Killed a deep elf mage
  1206 | D        | Killed a deep elf mage
  1208 | D        | Killed a deep elf fighter
  1212 | D        | Noticed a griffon
  1213 | D        | Killed a deep elf priest
  1215 | D        | Killed a griffon
  1218 | D        | Noticed a smoke demon
  1237 | D        | Killed a smoke demon
  1240 | D        | Noticed Erolcha
  1240 | D        | Paralysed by Erolcha for 6 turns
  1251 | D        | Killed Erolcha
  1251 | D        | Reached skill level 10 in Shields
  1251 | D        | Reached XP level 11. HP: 50/72 MP: 20/22
  1352 | D        | Noticed an eye of draining
  1352 | D        | Noticed a lindwurm
  1358 | D        | Killed a lindwurm
  1358 | D        | Reached skill level 10 in Fighting
  1361 | D        | Killed an eye of draining
  1361 | D        | Reached skill level 10 in Armour
  1433 | D        | Noticed a merfolk impaler
  1434 | D        | Noticed a merfolk
  1435 | D        | Noticed a merfolk
  1439 | D        | Noticed a merfolk
  1440 | D        | Noticed a redback
  1441 | D        | Noticed a merfolk
  1448 | D        | Noticed a guardian mummy
  1451 | D        | Killed a merfolk impaler
  1451 | D        | Reached skill level 14 in Stealth
  1461 | D        | Noticed a trapdoor spider
  1463 | D        | Killed a merfolk
  1464 | D        | Noticed a centaur
  1468 | D        | Noticed a komodo dragon
  1469 | D        | Killed a merfolk
  1469 | D        | Killed a redback
  1469 | D        | Killed a merfolk
  1469 | D        | Killed a centaur
  1473 | D        | Noticed a hell beast
  1473 | D        | Killed a merfolk
  1474 | D        | Noticed Jessica
  1476 | D        | Noticed an orc warrior
  1476 | D        | Killed a komodo dragon
  1478 | D        | Killed a trapdoor spider
  1480 | D        | Noticed an orc knight
  1481 | D        | Killed an orc warrior
  1482 | D        | Noticed an orc wizard
  1482 | D        | Killed a guardian mummy
  1484 | D        | Noticed an orc priest
  1486 | D        | Noticed a deep elf fighter
  1487 | D        | Noticed an orc wizard
  1487 | D        | Killed an orc knight
  1488 | D        | Noticed a wolf
  1488 | D        | Killed an orc priest
  1489 | D        | Noticed a wolf
  1490 | D        | Killed a wolf
  1490 | D        | Killed an orc wizard
  1490 | D        | Killed a wolf
  1490 | D        | Killed a deep elf fighter
  1492 | D        | Noticed a demonic crawler
  1492 | D        | Killed a hell beast
  1492 | D        | Killed Jessica
  1493 | D        | Killed an orc wizard
  1494 | D        | Noticed a brain worm
  1494 | D        | Noticed a small abomination
  1494 | D        | Killed a small abomination
  1499 | D        | Noticed a manticore
  1500 | D        | Noticed a wolf
  1500 | D        | Noticed a wolf
  1501 | D        | Noticed a jumping spider
  1502 | D        | Noticed a wolf
  1502 | D        | Noticed a wolf
  1504 | D        | Killed a manticore
  1504 | D        | Reached skill level 15 in Stealth
  1505 | D        | Killed a brain worm
  1506 | D        | Killed a wolf
  1507 | D        | Killed a demonic crawler
  1511 | D        | Killed a jumping spider
  1516 | D        | Killed a wolf
  1518 | D        | Killed a wolf
  1518 | D        | Killed a wolf
  1526 | D        | Noticed a skeletal warrior
  1535 | D        | Noticed a skeletal warrior
  1537 | D        | Noticed a skeletal warrior
  1541 | D        | Killed a skeletal warrior
  1541 | D        | Reached XP level 12. HP: 41/79 MP: 17/24
  1544 | D        | Noticed a skeletal warrior
  1558 | D        | Killed a skeletal warrior
  1566 | D        | Killed a skeletal warrior
  1571 | D        | Killed a skeletal warrior
  1807 | D        | Got the +0 ring mail of Card Tricks {*Confuse +Fly rF+ Int+3}
  2007 | D        | Noticed a steam dragon
  2007 | D        | Noticed a wolf
  2007 | D        | Noticed a wolf
  2007 | D        | Noticed an orc warrior
  2007 | D        | Noticed a swamp dragon
  2008 | D        | Killed a wolf
  2008 | D        | Killed an orc warrior
  2008 | D        | Killed a swamp dragon
  2008 | D        | Reached skill level 1 in Throwing
  2009 | D        | Noticed an alligator snapping turtle
  2010 | D        | Noticed a hornet
  2010 | D        | Killed a steam dragon
  2010 | D        | Noticed a daeva
  2012 | D        | Noticed a wyvern
  2012 | D        | Killed a wolf
  2013 | D        | Noticed a vampire
  2015 | D        | Noticed a wolf
  2015 | D        | Killed a vampire
  2016 | D        | Slain by an alligator snapping turtle

Vault maps used:
D:        pitsprint

Action                   |  1- 3 |  4- 6 |  7- 9 | 10-12 || total
-------------------------+-------+-------+-------+-------++-------
Melee: Mace              |    16 |     6 |       |       ||    22
       War axe           |     2 |       |       |       ||     2
       Flail             |       |    69 |    61 |       ||   130
       Katana            |       |       |    34 |   134 ||   168
Invok: Disaster Area     |       |       |     1 |     4 ||     5
       Elemental Force   |       |       |     1 |     5 ||     6
       Upheaval          |       |       |       |     1 ||     1
  Use: Potion            |     1 |     1 |     4 |     6 ||    12
       Scroll            |       |       |       |     1 ||     1
 Stab: Invisible         |       |       |       |     6 ||     6
  Eat: Fruit             |       |       |     5 |       ||     5
       Meat ration       |       |       |       |     1 ||     1
